 Dungeon Crawl Stone Soup version 0.29.1-1-gd02db6906a (webtiles) character file.

Game seed: 17885956217273879888

118 RascalDebosk the Vexing (level 4, -1/24 HPs)
             Began as a Deep Elf Enchanter on Oct 4, 2022.
             Slain by an orc
             ... wielding a +0 club
              (4 damage)
             ... on level 3 of the Dungeon.
             The game lasted 00:15:35 (2468 turns).

RascalDebosk the Vexing (Deep Elf Enchanter)        Turns: 2468, Time: 00:15:35

Health: -1/24      AC:  3    Str:  5    XL:     4   Next: 72%
Magic:  1/11       EV: 13    Int: 20    God:
Gold:   23         SH:  5    Dex: 17    Spells: 2/10 levels left

rFire   . . .      SeeInvis .   s - +1 dagger
rCold   . . .      Faith    .   (no shield)
rNeg    . . .      Spirit   .   b - +0 robe
rPois   .          Reflect  +   (no helmet)
rElec   .          Harm     .   n - +0 cloak
rCorr   .          Rampage  .   (no gloves)
Will    .....                   (no boots)
Stlth   +.........              m - amulet of reflection
HPRegen 0.08/turn               (no ring)
MPRegen 0.12/turn               (no ring)

@: glowing
A: no striking features
a: no special abilities


You were on level 3 of the Dungeon.
You visited 1 branch of the dungeon, and saw 3 of its levels.

You collected 103 gold pieces.
You spent 80 gold pieces at shops.

Inventory:

Hand Weapons
 s - a +1 dagger (weapon)
Armour
 b - a +0 robe (worn)
 n - a +0 cloak (worn)
Jewellery
 m - an amulet of reflection (around neck)
Scrolls
 a - 4 scrolls of identify {unknown}
 k - a scroll of acquirement {unknown}
 l - a scroll of vulnerability {unknown}
Potions
 c - 2 potions of invisibility
 d - a potion of brilliance {unknown}
 e - a potion of lignification {unknown}
 f - a potion of magic {unknown}
 g - a potion of haste {unknown}
 h - a potion of curing {unknown}
 i - a potion of flight
 j - 2 potions of heal wounds
 o - a potion of cancellation {unknown}


   Skills:
 + Level 1.8 Short Blades
 + Level 3.3 Dodging
 + Level 4.3 Stealth
 + Level 3.8 Spellcasting
 + Level 0.7 Conjurations
 + Level 4.7 Hexes
 + Level 1.5 Ice Magic


You had 2 spell levels left.
You knew the following spells:

 Your Spells              Type           Power      Damage    Failure   Level
a - Ensorcelled Hibernat  Hex/Ice        32%        N/A       5%          2
b - Confusing Touch       Hex            22%        N/A       5%          3
c - Tukima's Dance        Hex            22%        N/A       5%          3

Your spell library contained the following spells:

 Spells                   Type           Power      Damage    Failure   Level
 Dazzling Flash           Conj/Hex       28%        N/A       13%         3


Dungeon Overview and Level Annotations

Branches:
Dungeon (3/15)

Altars:

Shops:
D:2 *


Message History

The orc hits you but does no damage.
An orc comes into view.
It is wielding a +0 club and wearing an orb of light.
The orc shouts!
You hit the orc.
The orc is heavily wounded.
You hit the orc but do no damage.
The orc is heavily wounded.
The orc closely misses you.
You hit the orc but do no damage.
The orc is heavily wounded.
You block the orc's attack.
You hit the orc but do no damage.
The orc is heavily wounded.
The orc hits you with a +0 whip.
* * * LOW HITPOINT WARNING * * *
You barely miss the orc.
The orc is heavily wounded.
You block the orc's attack.
Unknown command.
You hit the orc.
The orc is severely wounded.
The orc barely misses you.
You barely miss the orc.
The orc is severely wounded.
You block the orc's attack.
Unknown command.
You barely miss the orc.
The orc is severely wounded.
The orc barely misses you.
You hit the orc.
You kill the orc!
You hit the ball python.
You kill the ball python!
You hit the jackal but do no damage. The jackal misses you. x2
You hit the jackal.
The jackal is moderately wounded.
The jackal misses you.
You hit the jackal.
The jackal is heavily wounded.
The jackal bites you but does no damage.
You hit the jackal.
The jackal is almost dead.
You block the jackal's attack.
You closely miss the jackal.
The jackal is almost dead.
You block the jackal's attack. The jackal closely misses you.
You hit the jackal but do no damage.
The jackal is almost dead.
You block the jackal's attack.
You barely miss the jackal.
The jackal is almost dead.
The jackal closely misses you.
You hit the jackal.
You kill the jackal!
Aiming: Ensorcelled Hibernation (safe; 5% risk of failure)
Press: ? - help, Q - select action Shift-Dir - straight line, f - orc
Aim: an orc, wielding a +0 club, wearing a +0 leather armour and wearing an orb of light (haloed, chance to affect: 67%)
The orc struggles to resist.
* * * LOW MAGIC WARNING * * *
The orc barely misses you.
You hit the orc.
The orc is lightly wounded.
The orc hits you with a +0 club.
* * * LOW HITPOINT WARNING * * *
You hit the orc.
The orc is heavily wounded.
The orc misses you.
You closely miss the orc.
The orc is heavily wounded.
The orc closely misses you.
You hit the orc but do no damage.
The orc is heavily wounded.
The orc hits you with a +0 club.
* * * LOW HITPOINT WARNING * * *
You hit the orc but do no damage.
The orc is heavily wounded.
The orc barely misses you.
You barely miss the orc.
The orc is heavily wounded.
The orc hits you with a +0 club.
* * * LOW HITPOINT WARNING * * *
You hit the orc.
The orc is heavily wounded.
The orc misses you.
You hit the orc but do no damage.
The orc is heavily wounded.
You barely miss the orc.
The orc is heavily wounded.
The orc misses you.
You hit the orc but do no damage.
The orc is heavily wounded.
The orc hits you with a +0 club.
* * * LOW HITPOINT WARNING * * *
You hit the orc but do no damage.
The orc is heavily wounded.
The orc hits you but does no damage.
You barely miss the orc.
The orc is heavily wounded.
The orc hits you with a +0 club.
You die...

.........##...#
#.#####)###...#
#.####...##.>.#
#......†.##...#
.........##...#
#######..h.....
#.........
#o####..## #@#
.... #.# ###
#.# #.# #.. ###


You could see an orc.

Vanquished Creatures
  Crazy Yiuf (D:2)
  Natasha (D:2)
  3 adders
  A dart slug (D:1)
  2 orcs (D:3)
  3 endoplasms
  2 giant cockroaches (D:2)
  2 goblins (D:1)
  2 hobgoblins (D:2)
  3 jackals
  3 kobolds
  3 quokkas
  3 ball pythons
  5 bats
  3 rats
37 creatures vanquished.

Vanquished Creatures (collateral kills)
  A jackal (D:3)
1 creature vanquished.

Vanquished Creatures (others)
  A dancing weapon (D:3)
1 creature vanquished.

Grand Total: 39 creatures vanquished

Notes
Turn   | Place    | Note
-------+----------+-------------------------------------------
     0 | D:1      | RascalDebosk the Deep Elf Enchanter began the quest for the
                  | Orb.
     0 | D:1      | Reached XP level 1. HP: 10/10 MP: 6/6
   116 | D:1      | Reached XP level 2. HP: 15/15 MP: 8/8
   528 | D:1      | Learned a level 2 spell: Ensorcelled Hibernation
   944 | D:1      | Found a faded altar of an unknown god.
  1082 | D:2      | Found Pemi's General Store.
  1086 | D:2      | Bought a potion of flight for 30 gold pieces
  1086 | D:2      | Bought a potion of heal wounds for 50 gold pieces
  1460 | D:2      | Reached XP level 3. HP: 19/19 MP: 9/9
  1464 | D:2      | Learned a level 3 spell: Confusing Touch
  1468 | D:2      | Learned a level 3 spell: Tukima's Dance
  1626 | D:2      | Found a runed translucent door.
  1627 | D:2      | Noticed Crazy Yiuf
  1634 | D:2      | Killed Crazy Yiuf
  1635 | D:2      | Reached skill level 1 in Ice Magic
  1906 | D:2      | Reached XP level 4. HP: 24/24 MP: 8/11
  2004 | D:2      | Noticed Natasha
  2010 | D:2      | Killed Natasha
  2468 | D:3      | Slain by an orc

Illustrated notes

Levels and vault maps discovered:
D:1:      erik_arrival_cave_to_civilisation [erik_arrival_cave_to_hall],
          layout_basic, ebering_ecumenical_altar_rust
D:2:      layout_basic, serial_shops, shop, uniq_crazy_yiuf_cottage,
          uniq_natasha
D:3:      layout_loops_ring, fedhas_altar_3, uniq_pargi

Skill      XL: |  1  2  3 |
---------------+----------+-----
Stealth        | 4 |  4.3
Dodging        | 3 |  3.3
Ice Magic      | 1 |  1.5
Short Blades   | |  1.8
Spellcasting   | |  3.8
Conjurations   | |  0.7
Hexes          | |  4.7

Action                   |  1- 3 |  4- 6 || total
-------------------------+-------+-------++-------
Melee: Dagger            |    50 |    57 ||   107
       Punch             |     1 |     1 ||     2
 Cast: Ensorcelled Hiber |    13 |     5 ||    18
       Tukima's Dance    |     1 |     2 ||     3
 Stab: Sleeping          |    19 |     4 ||    23
Armor: Robe              |     7 |     8 ||    15
Dodge: Dodged            |    31 |    33 ||    64
Block: Other             |     1 |    11 ||    12
